 Dungeon Crawl Stone Soup version 0.24.0-123-gd5b16e6ec5 (webtiles) character file.

Game seed: 13458300170845508458, levelgen mode: deterministic

14995 vurker the Zephyrmancer (level 11, -6/47 HPs)
             Began as a Felid Air Elementalist on Feb 1, 2020.
             Was an Elder of Vehumet.
             Mangled by a swamp worm (20 damage)
             ... on level 4 of the Lair of Beasts.
             The game lasted 00:30:56 (22468 turns).

vurker the Zephyrmancer (Felid Air Elementalist)   Turns: 22468, Time: 00:30:56

Health: -6/47      AC:  2    Str:  4    XL:     11   Next: 96%
Magic:  14/26      EV: 23    Int: 21    God:    Vehumet [****..]
Gold:   451        SH:  0    Dex: 18    Spells: 15/31 levels left
                                        Lives:  0   Deaths: 3

rFire    . . .     SeeInvis +   (weapon unavailable)
rCold    . . .     Gourm    .   (shield unavailable)
rNeg     . . .     Faith    .   (armour unavailable)
rPois    .         Spirit   .   (helmet unavailable)
rElec    .         Reflect  .   (cloak unavailable)
rCorr    .         Harm     +   (gloves unavailable)
MR       ++...                  (boots unavailable)
Stlth    +++.......             c - amulet of harm
HPRegen  0.15/turn              i - +2 ring of dexterity
MPRegen  0.20/turn              d - ring of protection from magic

@: quick
A: very small, no armour, no weapons or thrown items, stealth, claws 1, fangs 3,
see invisible, carnivore, speed 1, shaggy fur 2, slow metabolism 1, sharp paws
a: Renounce Religion


You were on level 4 of the Lair of Beasts.
You worshipped Vehumet.
Vehumet was greatly pleased with you.
You were completely stuffed.

You visited 2 branches of the dungeon, and saw 15 of its levels.

You collected 1101 gold pieces.
You spent 650 gold pieces at shops.

Inventory:

Jewellery
 c - an amulet of harm (around neck)
   (You found it on level 2 of the Dungeon)
 d - a ring of protection from magic (right paw)
   (You found it on level 1 of the Dungeon)
 i - a +2 ring of dexterity (left paw)
   (You found it on level 1 of the Lair of Beasts)
 B - an uncursed amulet of the gourmand {unknown}
   (You found it on level 8 of the Dungeon)
Wands
 t - a wand of flame (12)
   (You took it off Ijyb on level 4 of the Dungeon)
 u - a wand of paralysis (15)
   (You found it on level 11 of the Dungeon)
 x - a wand of acid (3)
   (You found it on level 3 of the Lair of Beasts)
 A - a wand of polymorph (21)
   (You found it on level 8 of the Dungeon)
Scrolls
 b - 4 scrolls of magic mapping
 f - 2 scrolls of teleportation
 k - 5 scrolls of fog
 n - 4 scrolls of blinking
 p - 14 scrolls of remove curse
 w - 2 scrolls of fear
 y - a scroll of summoning
Potions
 a - 7 potions of curing
 g - a potion of ambrosia
 h - 3 potions of might
 j - 3 potions of resistance
 l - a potion of heal wounds
 m - 5 potions of mutation
 o - 2 potions of invisibility {unknown}
 q - a potion of agility
 r - 3 potions of flight
 s - a potion of cancellation
 v - a potion of magic
 C - a potion of brilliance
Comestibles
 e - 34 rations
 z - 5 chunks of flesh


   Skills:
 - Level 5.0 Fighting
 + Level 7.3 Dodging
 - Level 2.6 Stealth
 * Level 10.9 Spellcasting
 * Level 10.8 Conjurations
 * Level 11.0 Air Magic
 + Level 5.5 Evocations


You had 15 spell levels left.
You knew the following spells:

 Your Spells              Type           Power        Failure   Level  Hunger
a - Shock                 Conj/Air       ####         1%          1    None
b - Lightning Bolt        Conj/Air       ######....   1%          5    ####...
c - Airstrike             Air            ######....   1%          4    #......
x - Conjure Ball Lightni  Conj/Air       ######....   2%          6    ######.

Your spell library contained the following spells:

 Spells                   Type           Power        Failure   Level  Hunger
 Dazzling Spray           Conj/Hex       ####..       1%          3    None
 Freeze                   Ice            ##..         1%          1    None
 Magic Dart               Conj           ####         1%          1    None
 Swiftness                Chrm/Air       ####....     1%          2    None
 Throw Frost              Conj/Ice       ####..       1%          2    None
 Conjure Flame            Conj/Fire      ####....     1%          3    None
 Mephitic Cloud           Conj/Pois/Air  #####...     1%          3    None
 Static Discharge         Conj/Air       ######..     1%          3    None
 Throw Icicle             Conj/Ice       ####....     1%          4    #......
 Ignite Poison            Fire/Tmut/Pois ##......     5%          3    None
 Fireball                 Conj/Fire      ####......   5%          5    ####...
 Animate Skeleton         Necr           N/A          6%          1    None
 Pain                     Necr           ##..         6%          1    None
 Summon Lightning Spire   Summ/Air       ####....     6%          4    #......
 Blink                    Tloc           N/A          9%          2    None
 Call Imp                 Summ           ##......     9%          2    None
 Slow                     Hex            ##......     9%          2    None
 Silence                  Hex/Air        ####......   17%         5    ####...
 Ozocubu's Armour         Chrm/Ice       ##......     19%         3    None
 Regeneration             Chrm/Necr      ##........   19%         3    None
 Vampiric Draining        Necr           ##........   19%         3    None
 Bolt of Fire             Conj/Fire      ####......   24%         6    ######.
 Animate Dead             Necr           N/A          52%         4    #......
 Summon Ice Beast         Ice/Summ       ##......     52%         4    #......
 Deflect Missiles         Chrm/Air       ####......   67%         6    ######.
 Ring of Flames           Chrm/Fire      ##........   100%        7    #######
 Ignition                 Fire           ##........   100%        8    #######
 Tornado                  Air            ######....   100%        9    #######


Dungeon Overview and Level Annotations

Branches:
Dungeon (11/15)            Temple (0/1) D:7            Lair (4/6) D:10
  Swamp: Lair:2-4    Shoals: Lair:2-4     Snake: Lair:2-4    Spider: Lair:2-4
    Orc: D:9-12

Altars:
Ashenzari
Cheibriados
Fedhas
Hepliaklqana
Okawaru
Trog
Uskayaw
Vehumet
Yredelemnul

Shops:
D:5 :   D:9 !   D:11 %

Annotations:
D:10 1 runed translucent door
Lair:1 3 runed translucent doors, Wuochyse's ghost, journeyman DEWz
Lair:4 2 transporters, Kuerar's ghost, journeyman BaFi


Innate Abilities, Weirdness & Mutations

You cannot wear armour.
You are incapable of wielding weapons or throwing items.
Your paws allow you to move quietly. (Stealth)
You have sharp claws.
You have razor-sharp teeth.
You have supernaturally acute eyesight. (SInv)
You are carnivorous and can eat meat at any time.
You cover ground quickly.
You are covered in thick fur. (AC +2)
You have a slow metabolism.
Your sharp claws are effective at attacking unaware monsters.


Message History

The tyrant leech bites you!
The tyrant leech draws strength from your injuries!
Aim: a tyrant leech (heavily wounded)
The air twists around and strikes the tyrant leech!
The tyrant leech bites you.
The tyrant leech draws strength from your injuries!
Aim: a tyrant leech (severely wounded)
The air twists around and strikes the tyrant leech!
You kill the tyrant leech!
Vehumet accepts your kill.
You feel your power returning.
You can't see any susceptible monsters within range! (Use Z to cast anyway.) Unknown command.
You butcher the tyrant leech corpse.
z - 6 chunks of flesh Eating one of 6 chunks of flesh.
You eat one of the 6 chunks of flesh.
This raw flesh tastes great.
There is a stone staircase leading down, spattered with blood here.
There is a stone staircase leading down here.
Unknown command.
Unknown command.
Unknown command.
Unknown command.
Unknown command.
Unknown command.
Unknown command.
Unknown command.
Unknown command.
Unknown command.
Unknown command.
Unknown command.
You climb downwards.
Level annotation: 2 transporters, Kuerar's ghost, journeyman BaFi
There is a stone staircase leading up here.
Aim: a swamp worm (hasn't noticed you)
The air twists around and strikes the swamp worm!
The swamp worm throws harpoon shot at you.
The harpoon shot misses you.
Aim: a swamp worm (heavily wounded)
The air twists around and strikes the swamp worm!
The swamp worm throws harpoon shot at you.
The harpoon shot hits you.
You are yanked forward by the harpoon shot.
Aim: a swamp worm (severely wounded)
The air twists around and strikes the swamp worm!
The swamp worm bites you!!
Ouch! That really hurt!
* * * LOW HITPOINT WARNING * * *
The swamp worm bites you!
You die...

.... ..... ##...
################### ##
8##..###.##..#.P##.#.....#######P
.h#....>.........................
..#....##.##.##...............÷..
.F#..#.########..............÷†÷#
..#..#..# #.w................#
.F#.P#.## ##.@...............#
FW#..P..# #...................
.k#....## #...................
8##.P..# ##..<.....÷........#
##...#.# #..................#
...###..# ##.................#
#.P# ..## #..................#
#### ... #.).....w..........# #.P
##.................#


You could see a tyrant leech and a swamp worm.

Vanquished Creatures
  5 hydras
  An ugly thing (D:11)
  A cyclops (D:11)
  A black mamba (Lair:1)
  4 spiny frogs
  3 komodo dragons
  A troll (D:11)
  A polar bear (Lair:2)
  Grinder (D:6)
  A tyrant leech (Lair:3)
  3 hippogriffs
  Sigmund (D:2)
  26 yaks
  5 wyverns (Lair:4)
  Eustachio (D:4)
  A naga (Lair:4)
  3 water moccasins
  7 porcupines
  Duvessa (D:4)
  3 orc warriors
  A sky beast (D:8)
  3 ice beasts
  A phantom (D:9)
  7 ogres
  2 necrophages
  17 centaurs
  4 crocodiles
  A big kobold (D:11)
  12 bullfrogs
  A gnoll sergeant (D:6)
  A water moccasin zombie (D:9)
  Dowan (D:4)
  7 scorpions
  9 killer bees
  5 wights (D:5)
  2 crimson imps
  A howler monkey (D:8)
  3 centaur zombies
  7 hounds
  6 jellies
  A bullfrog zombie (D:6)
  Crazy Yiuf (D:7)
  4 orc priests
  3 iguanas
  Jessica (D:3)
  Natasha (thrice) (D:3)
  7 orc wizards
  8 worker ants
  Ijyb (D:4)
  2 killer bee zombies
  A hound skeleton (D:6)
  Robin (D:2)
  9 gnolls
  10 adders
  5 shadow imps
  2 oozes
  An adder skeleton (D:9)
  3 worms
  5 leopard geckos
  23 orcs
  9 bats
  7 giant cockroaches
  4 hobgoblins
  2 jackals (D:8)
  16 kobolds
  3 quokkas
  2 ball pythons
  5 frilled lizards
  19 goblins
  A jackal skeleton (D:10)
  A leopard gecko skeleton (D:8)
  A quokka skeleton (D:6)
  6 rats
  A plant (Lair:3)
329 creatures vanquished.

Vanquished Creatures (collateral kills)
  A komodo dragon (Lair:1)
1 creature vanquished.

Vanquished Creatures (others)
  16 ball lightnings
  2 fungi (Lair:4)
  A plant (Lair:4)
19 creatures vanquished.

Grand Total: 349 creatures vanquished

Notes
Turn   | Place    | Note
-------+----------+-------------------------------------------
     0 | D:1      | vurker the Felid Air Elementalist began the quest for the
                  | Orb.
     0 | D:1      | Reached XP level 1. HP: 7/7 MP: 4/4
    25 | D:1      | Reached skill level 1 in Conjurations
   205 | D:1      | Reached XP level 2. HP: 12/12 MP: 1/6
   585 | D:1      | Reached skill level 3 in Air Magic
   942 | D:1      | Reached XP level 3. HP: 15/15 MP: 1/7
  1702 | D:2      | Reached skill level 1 in Fighting
  1959 | D:2      | Reached XP level 4. HP: 19/19 MP: 7/9
  2055 | D:2      | Noticed Robin
  2067 | D:2      | Killed Robin
  2117 | D:2      | Noticed Sigmund
  2129 | D:2      | Killed from afar by Sigmund
  2130 | D:2      | Reached XP level 3. HP: -4/15 MP: 1/8
  2130 | D:2      | Found a blossoming altar of Fedhas.
  2146 | D:2      | Killed Sigmund
  2146 | D:2      | Reached XP level 4. HP: 19/19 MP: 1/10
  2146 | D:2      | Reached XP level 5. HP: 22/22 MP: 1/11
  2233 | D:2      | Reached skill level 4 in Air Magic
  2849 | D:3      | Learned a level 5 spell: Lightning Bolt
  2854 | D:3      | Learned a level 4 spell: Airstrike
  2857 | D:3      | Noticed Jessica
  2860 | D:3      | Killed Jessica
  2949 | D:3      | Gained mutation: You are covered in thick fur. (AC +2)
                  | [Felid growth]
  2949 | D:3      | Reached XP level 6. HP: 26/26 MP: 8/12
  3201 | D:3      | Found a faded altar of an unknown god.
  3244 | D:3      | Noticed Natasha
  3435 | D:3      | Killed Natasha
  3669 | D:3      | Noticed Natasha
  3672 | D:3      | Killed Natasha
  4050 | D:3      | Noticed Natasha
  4058 | D:3      | Killed Natasha
  4208 | D:3      | Found a faded altar of an unknown god.
  4702 | D:4      | Noticed Eustachio
  4731 | D:4      | Reached XP level 7. HP: 3/30 MP: 7/14
  4750 | D:4      | Noticed Ijyb
  5189 | D:4      | Noticed Dowan
  5205 | D:4      | Killed Dowan
  5334 | D:4      | Noticed Duvessa
  5522 | D:4      | Killed Eustachio
  5522 | D:4      | Reached skill level 5 in Air Magic
  5537 | D:4      | Killed Duvessa
  5596 | D:4      | Killed Ijyb
  5806 | D:4      | Reached XP level 8. HP: 34/34 MP: 10/16
  6159 | D:5      | Entered Level 5 of the Dungeon
  6159 | D:5      | Found a radiant altar of Vehumet.
  6194 | D:5      | Found Quosocav's Book Shoppe.
  6307 | D:5      | Reached skill level 5 in Spellcasting
  6461 | D:5      | Became a worshipper of Vehumet
  6478 | D:5      | Reached skill level 5 in Conjurations
  6687 | D:5      | Found an iron altar of Okawaru.
  7185 | D:6      | Reached skill level 6 in Air Magic
  7673 | D:6      | Noticed Grinder
  7676 | D:6      | Killed Grinder
  7676 | D:6      | Reached XP level 9. HP: 39/39 MP: 5/19
  8161 | D:7      | Found a hazy altar of Hepliaklqana.
  8268 | D:7      | Found a bloodstained altar of Trog.
  8428 | D:7      | Found a runed translucent door.
  8429 | D:7      | Noticed Crazy Yiuf
  8457 | D:7      | Found a hide-covered altar of Uskayaw.
  8966 | D:7      | Reached skill level 7 in Air Magic
  9222 | D:7      | Found a staircase to the Ecumenical Temple.
  9262 | D:7      | Killed Crazy Yiuf
  9382 | D:8      | Reached * piety under Vehumet
  9382 | D:8      | Offered knowledge of Freeze by Vehumet.
 10021 | D:8      | Reached skill level 5 in Fighting
 10628 | D:8      | Reached skill level 1 in Evocations
 10980 | D:8      | Reached XP level 10. HP: 44/44 MP: 10/22
 11279 | D:9      | Found a bloodstained altar of Trog.
 11598 | D:9      | Found Leotuim's Distillery.
 11662 | D:9      | Found a snail-covered altar of Cheibriados.
 11886 | D:9      | Offered knowledge of Sting by Vehumet.
 11955 | D:9      | Reached ** piety under Vehumet
 12314 | D:8      | Reached skill level 8 in Air Magic
 13206 | D:10     | Entered Level 10 of the Dungeon
 13281 | D:9      | Bought a potion of experience for 650 gold pieces
 13281 | D:9      | Reached skill level 9 in Air Magic
 13281 | D:9      | Reached XP level 11. HP: 47/47 MP: 22/25
 13297 | D:10     | Found a staircase to the Lair.
 13478 | D:10     | Found a shattered altar of Ashenzari.
 14024 | D:10     | Found a runed translucent door.
 14164 | D:10     | Offered knowledge of Stone Arrow by Vehumet.
 14277 | D:10     | Found a basalt altar of Yredelemnul.
 14528 | D:10     | Found a staircase to the Lair.
 14577 | D:10     | Found a shattered altar of Ashenzari.
 14615 | D:10     | Found a runed translucent door.
 14620 | D:10     | Found a basalt altar of Yredelemnul.
 14772 | D:11     | Noticed a seven-headed hydra
 14966 | D:11     | Reached skill level 5 in Dodging
 15037 | D:11     | Shot with an arrow by a centaur
 15038 | D:11     | Reached XP level 10. HP: -13/44 MP: 5/24
 15520 | D:11     | Reached *** piety under Vehumet
 15520 | D:11     | Noticed a cyclops
 15569 | D:11     | Killed a cyclops
 15814 | D:11     | Killed a seven-headed hydra
 15814 | D:11     | Reached skill level 10 in Air Magic
 15814 | D:11     | Reached XP level 11. HP: 47/47 MP: 5/25
 16329 | D:11     | Noticed a white ugly thing
 16337 | D:11     | Killed a white ugly thing
 16507 | D:11     | Reached skill level 10 in Spellcasting
 16516 | D:11     | Shot with an arrow by a centaur
 16517 | D:11     | Reached XP level 10. HP: -1/44 MP: 11/25
 16680 | D:11     | Found Voicezxo's Food Shop.
 16682 | D:11     | Offered knowledge of Dazzling Spray by Vehumet.
 17085 | Lair:1   | Entered Level 1 of the Lair of Beasts
 17087 | Lair:1   | Noticed a spiny frog
 17090 | Lair:1   | Killed a spiny frog
 17241 | Lair:1   | Noticed a black mamba
 17244 | Lair:1   | Killed a black mamba
 17394 | Lair:1   | Noticed a four-headed hydra
 17400 | Lair:1   | Killed a four-headed hydra
 17400 | Lair:1   | Reached skill level 10 in Conjurations
 17590 | Lair:1   | Noticed a six-headed hydra
 17595 | Lair:1   | Killed a six-headed hydra
 17620 | Lair:1   | Noticed a spiny frog
 17629 | Lair:1   | Killed a spiny frog
 17629 | Lair:1   | Reached XP level 11. HP: 25/47 MP: 4/26
 17952 | Lair:1   | Found a runed translucent gate.
 17953 | Lair:1   | Found a runed translucent gate.
 17954 | Lair:1   | Found a runed translucent gate.
 18455 | Lair:1   | Noticed Wuochyse's ghost (journeyman DEWz)
 19252 | Lair:2   | Noticed a six-headed hydra
 19258 | Lair:2   | Killed a six-headed hydra
 19258 | Lair:2   | Reached **** piety under Vehumet
 19494 | Lair:2   | Learned a level 6 spell: Conjure Ball Lightning
 20252 | Lair:3   | Reached skill level 5 in Evocations
 21447 | Lair:4   | Found a transporter.
 21448 | Lair:4   | Noticed Kuerar's ghost (journeyman BaFi)
 21463 | Lair:4   | Found a transporter.
 21558 | Lair:4   | Noticed a five-headed hydra
 21971 | Lair:4   | Reached skill level 11 in Air Magic
 21984 | Lair:4   | Killed a five-headed hydra
 22468 | Lair:4   | Mangled by a swamp worm

Levels and vault maps discovered:
D:1:      saegor_arrival_simple_e, layout_loops_corners,
          minmay_misc_feat_encased, minmay_misc_feat_room
D:2:      layout_rooms, fedhas_altar_fruit_tree, uniq_sigmund, uniq_robin
D:3:      minmay_diamond_boxcup, layout_rooms, chequers_ecumenical_altar_simple,
          first_ration, serial_bayou_crossing, uniq_jessica, uniq_natasha
D:4:      layout_basic, uniq_ijyb, uniq_eustachio, uniq_duvessa
D:5:      layout_rooms, old_standard_altar, overflow_temple_1_default,
          serial_shops, nicolae_shop_competitors_out_of_business,
          grunt_decor_fettered, serial_bayou_lake_a
D:6:      layout_loops_cross, uniq_grinder
D:7:      layout_basic, lemuel_doored_altar, lemuel_crystal_altar, temple_green,
          trog_three_pillars_becter, uniq_crazy_yiuf_cottage
D:8:      layout_loops_cross
D:9:      layout_cave_pools, cheibriados_altar_1, bloody_trog, serial_shops,
          nicolae_shop_crystal, grunt_ogre_cave
D:10:     layout_roguey, lair_entry_dummy, basic_altar, dk_yredelemnul_ordeal
D:11:     layout_irregular_city, serial_shops, shop, chequers_jeans
Lair:1:   layout_small_grid, gammafunk_ghost_necromancy, serial_bayou_shore_b
Lair:2:   layout_cave_pods, nicolae_quartered_pool_medium, lemuel_old_faithful
Lair:3:   layout_regular_city, st_stairs_12, lemuel_fruit_tree
Lair:4:   layout_long_grid, minmay_swamp_entry_worms,
          minmay_snake_entry_guardpost_small, gauntlet_entry_generic,
          gammafunk_ghost_arena, beast_lair_carwin_8, uniq_kirke

Skill      XL: |  1  2  3  4  5  6  7  8  9 10 11 |
---------------+----------------------------------+-----
Conjurations   | 1 2 3 4 5 7 10 | 10.8
Air Magic      | 3 4 5 6 7 10 11 | 11.0
Fighting       | 1 2 3 4 5 |  5.0
Spellcasting   | 3 4 6 7 9 10 | 10.9
Dodging        | 3 6 7 |  7.3
Evocations     | 1 4 5 |  5.5
Stealth        | |  2.6

Action                   |  1- 3 |  4- 6 |  7- 9 | 10-12 || total
-------------------------+-------+-------+-------+-------++-------
Melee: Unarmed           |     7 |     5 |    15 |    14 ||    41
       Bite              |       |       |       |     3 ||     3
 Cast: Shock             |    88 |   158 |   160 |    39 ||   445
       Airstrike         |       |       |    78 |   300 ||   378
       Lightning Bolt    |       |       |     2 |    11 ||    13
       Conjure Ball Ligh |       |       |       |     9 ||     9
Evoke: Wand              |       |       |       |    13 ||    13
  Use: Scroll            |     6 |       |    10 |     9 ||    25
       Potion            |       |       |     1 |     1 ||     2
  Eat: Chunk             |    12 |     8 |    19 |    52 ||    91
Armor: Skin              |       |       |     7 |     6 ||    13
Dodge: Dodged            |    15 |    25 |    72 |    75 ||   187
